AoeStats
← LoStratega

Arena

510389084Analyzed
2v2 RM · 22h ago on Sep 30, 2026· 48m 2s· 4 players
Game mode
Random Map
Map size
Medium (4 player)
Population
200
Speed
Normal
Resources
Standard
Victory
Conquest
Starting age
Dark Age
Ending age
Imperial Age
RankedLock teamsTeams togetherTeam positionsShared explorationLock speedFull tech treeHidden civsTurbo modeCheats
Victory
Defeat
🇭🇷 Italians · Croatia
1257
+14
1252
+14
🇮🇹 Malay · Italy
1211
-14
🇮🇹 Poles · Italy
1211
-14
Lorazepam "Hogg Zogg" Salad Dog
10:21 Feudal Age
14:28 Castle Age
13:09 Double-Bit Axe
21:05 Horse Collar
22:23 Wheelbarrow
21:34 Loom
23:50 Stone Mining
24:49 Gold Mining
25:55 Town Watch
26:42 Bow Saw
26:34 Heavy Plow
26:42 Fletching
27:22 Bodkin Arrow
28:23 Scale Mail Armor
29:06 Ballistics
29:20 Chain Mail Armor
30:28 Hand Cart
33:18 Imperial Age
31:10 Masonry
31:02 Guard Tower
31:32 Treadmill Crane
34:37 Keep
34:09 Bracer
33:59 Elite Varangian Guard
35:57 Plate Mail Armor
35:37 Forging
36:06 Squires
36:25 Arrowslits
37:44 Crop Rotation
38:15 Two-Man Saw
37:31 Arson
37:31 Gambesons
39:48 Chemistry
40:35 Iron Casting
40:09 Siege Engineers
40:35 Architecture
40:08 Shield Wall
40:58 Padded Archer Armor
43:08 Padded Archer Armor
45:22 Sanctity
45:06 Atonement
45:22 Block Printing
46:16 Fortified Wall
Maus
0:30 Loom
10:28 Feudal Age
16:52 Castle Age
17:49 Horse Collar
18:30 Stone Mining
18:57 Double-Bit Axe
21:40 Loom
24:13 Padded Archer Armor
24:27 Fletching
26:21 Husbandry
27:17 Thumb Ring
28:33 Fortified Wall
29:12 Bodkin Arrow
31:06 Bow Saw
32:02 Wheelbarrow
31:53 Ballistics
31:31 Murder Holes
32:04 Heavy Plow
32:13 Gold Mining
33:54 Masonry
34:09 Hand Cart
36:48 Imperial Age
34:11 Guard Tower
34:03 Treadmill Crane
35:18 Leather Archer Armor
37:41 Bloodlines
39:01 Chemistry
38:03 Bracer
38:38 Conscription
39:01 Hoardings
38:14 Arrowslits
39:00 Architecture
39:46 Keep
39:54 Ring Archer Armor
41:39 Bombard Tower
41:53 Elite Genoese Crossbowman
Halbert
0:26 Loom
12:07 Feudal Age
16:13 Castle Age
22:18 Double-Bit Axe
25:30 Squires
25:15 Arson
28:14 Fletching
28:36 Gold Mining
28:35 Horse Collar
30:38 Forging
33:45 Heavy Plow
36:42 Wheelbarrow
36:21 Stone Mining
38:24 Bodkin Arrow
38:29 Padded Archer Armor
38:24 Bodkin Arrow
39:53 Crossbowman
41:13 Ballistics
41:32 Crossbowman
42:18 Thumb Ring
LoStratega
10:56 Feudal Age
12:51 Loom
16:06 Castle Age
18:04 Horse Collar
18:54 Double-Bit Axe
19:45 Squires
21:18 Scale Mail Armor
24:52 Fervor
25:36 Heavy Plow
26:50 Bow Saw
27:49 Wheelbarrow
27:21 Gold Mining
33:24 Imperial Age
31:16 Hand Cart
32:06 Stone Mining
32:38 Szlachta Privileges
33:17 Town Watch
33:41 Scale Barding Armor
33:46 Forging
33:51 Chain Mail Armor
34:35 Conscription
35:24 Fletching
36:10 Iron Casting
35:56 Chain Barding Armor
35:35 Cavalier
36:16 Husbandry
36:26 Bloodlines
36:34 Fortified Wall
36:45 Ballistics
35:56 Capped Ram
37:48 Crop Rotation
38:16 Plate Mail Armor
38:57 Town Patrol
38:45 Treadmill Crane
40:06 Chemistry
39:39 Bodkin Arrow
40:03 Elite Skirmisher
41:15 Thumb Ring
41:13 Bracer
42:14 Blast Furnace
41:15 Padded Archer Armor
43:30 Elite Obuch
44:09 Light Cavalry
45:12 Lechitic Legacy
45:18 Leather Archer Armor
45:09 Winged Hussar
Connection lost

Rejoining the realm…

Still unreachable

The connection could not be restored.

Session expired

The server has moved on; the page needs a fresh start.